 Dungeon Crawl Stone Soup version 0.18-a0-1805-g8ab820f (webtiles) character file.

180 wvc the Cutter (level 5, -1/31 HPs)
             Began as a Kobold Assassin on Apr 26, 2016.
             Was an Initiate of Okawaru.
             Killed from afar by an orc wizard (4 damage)
             ... with a magic dart
             ... on level 3 of the Dungeon.
             The game lasted 00:09:11 (3745 turns).

wvc the Cutter (Kobold Assassin)                    Turns: 3745, Time: 00:09:12

Health: -1/31      AC:  5    Str:  9    XL:     5   Next: 91%
Magic:  5/5        EV: 19    Int:  9    God:    Okawaru [......]
Gold:   205        SH:  0    Dex: 24    Spells: 0 memorised, 4 levels left

rFire  . . .     SeeInvis .     a - +2 dagger
rCold  . . .     Gourm    .     s - +0 animal skin
rNeg   . . .     Faith    +     (shield restricted)
rPois  .         Spirit   .     r - +0 helmet
rElec  .         Dismiss  .     y - +1 cloak {+Inv}
rCorr  .         Reflect  .     (no gloves)
SustAt .         Harm     .     (no boots)
MR     .....                    h - amulet of faith
Stlth  +++++.....               (no ring)
                                (no ring)

@: agile, not resistant to hostile enchantments, quite stealthy
A: carnivore 3
a: Renounce Religion, Evoke Invisibility


You were on level 3 of the Dungeon.
You worshipped Okawaru.
Okawaru was noncommittal.
You were not hungry.

You visited 1 branch of the dungeon, and saw 3 of its levels.

You collected 205 gold pieces.

Inventory:

Hand Weapons
 a - a +2 dagger (weapon)
 b - a +0 blowgun
Missiles
 e - 6 poisoned needles
 f - 2 curare-tipped needles
 v - 4 needles of confusion
Armour
 r - a +0 helmet (worn)
 s - a +0 animal skin (worn)
 y - a +1 cloak of invisibility (worn)
Jewellery
 h - an amulet of faith (around neck)
 j - an uncursed ring of flight
Scrolls
 i - a scroll of teleportation
 k - 2 scrolls of identify
 m - a scroll of magic mapping
 p - 4 scrolls of remove curse
Potions
 d - a potion of curing
 l - a potion of berserk rage {unknown}
 u - 3 potions of lignification
Comestibles
 c - a beef jerky
 g - a meat ration
 w - a slice of pizza


   Skills:
 - Level 2.3 Fighting
 + Level 7.4 Short Blades
 - Level 2.1 Throwing
 - Level 1.2 Dodging
 - Level 5.3 Stealth


You had 4 spell levels left.
You didn't know any spells.

Dungeon Overview and Level Annotations

Branches:
Dungeon (3/15)

Altars:
Ashenzari
Kikubaaqudgha
Okawaru

Annotations:
D:3 1 exclusion


Innate Abilities, Weirdness & Mutations

You are small and have problems with some larger weapons.
You are carnivorous and can eat meat at any time.


Message History

You hit something but do no damage. You closely miss something.
Something hits you.
You hit something. Something hits you.
You hit something but do no damage. You barely miss something.
The orc priest shouts!
Something hits you but does no damage.
You miss something. Something hits you.
You hit something but do no damage.
Drink which item? (? for menu, Esc to quit)
You feel agile all of a sudden. Something barely misses you.
The orc priest mumbles some strange prayers to Beogh against you.
Beogh smites you!
* * * LOW HITPOINT WARNING * * *
You barely miss something.
You hear some strange, mumbled words.
A magic dart appears from out of thin air!
The magic dart hits you!
You die...

# *,*.#.##.#.#*,* #...#. #
#.#.#.##.#.#*,****####...#.
#
#.#.#.##.#.#*,,,...........
#
#.#.#.##.#o###########.....
#######.#.#.##.#.#...#
#...<.
............##.#.#.#.#
#...##
........#...##.#o#.#_#
#...#
...#........##.#{#.#.#
#...##
##.#.#......##.#@#.#.#
######
#.......#..##.#.#.#.#
##########
###.#.###..##.#.#.#.#
#.........
#.#.#.....^.#.#.#.#
#.########
####.#.####........#.# #.#
# .....#...........#.#.#
#.# ############..######.#
#.# #...................#
#.# #.########.#.########
#.#


You could see an orc priest and an orc.

Vanquished Creatures
  An orc wizard (D:3)
  Robin (D:1)
  5 adders
  A worm (D:3)
  A dart slug (D:1)
  2 giant geckos
  5 orcs (D:3)
  8 bats
  A bat zombie (D:1)
  23 goblins
  13 hobgoblins
  A jackal (D:2)
  A ball python zombie (D:1)
  3 giant newts
  9 kobolds
  7 rats
  A fungus (D:3)
83 creatures vanquished.

Notes
Turn   | Place    | Note
--------------------------------------------------------------
     0 | D:1      | wvc the Kobold Assassin began the quest for the Orb.
     0 | D:1      | Reached XP level 1. HP: 12/12 MP: 1/1
    65 | D:1      | Reached skill level 3 in Short Blades
    72 | D:1      | Reached XP level 2. HP: 13/18 MP: 2/2
   386 | D:1      | Reached skill level 4 in Short Blades
   511 | D:1      | Reached XP level 3. HP: 22/22 MP: 3/3
  1157 | D:2      | Reached skill level 5 in Short Blades
  1163 | D:2      | Noticed Robin
  1304 | D:1      | Reached XP level 4. HP: 15/27 MP: 4/4
  1455 | D:1      | Killed Robin
  1838 | D:2      | Reached skill level 6 in Short Blades
  2163 | D:2      | Reached XP level 5. HP: 24/31 MP: 5/5
  2571 | D:3      | Found an iron altar of Okawaru.
  2586 | D:3      | Became a worshipper of Warmaster Okawaru
  3094 | D:3      | Found an ancient bone altar of Kikubaaqudgha.
  3221 | D:3      | Found a shattered altar of Ashenzari.
  3329 | D:3      | Reached skill level 7 in Short Blades
  3745 | D:3      | Killed from afar by an orc wizard

Vault maps used:
D:1:      saegor_arrival_fortress, serial_forest, infiniplex_forest_clump_large,
          infiniplex_forest_lined_3, infiniplex_forest_clump_curved,
          infiniplex_forest_pool, infiniplex_forest_clump_cross,
          infiniplex_forest_lined_3, infiniplex_forest_lined_2
D:2:      uniq_robin
D:3:      old_standard_altar, overflow_temple_1_default,
          evilmike_ruin_ashenzari, uniq_crazy_yiuf_cottage

Skill      XL: |  1  2  3  4  5 |
---------------+----------------+-----
Short Blades   | 3 4 5 6 7 |  7.4
Fighting       | |  2.3
Throwing       | |  2.1
Dodging        | |  1.2
Stealth        | |  5.3

Action                   |  1- 3 |  4- 6 || total
-------------------------+-------+-------++-------
Melee: Dagger            |   130 |   200 ||   330
 Fire: Blowgun           |       |     6 ||     6
  Use: Scroll            |       |    10 ||    10
       Potion            |       |     1 ||     1
 Stab: Sleeping          |     7 |     8 ||    15
       Distracted        |     1 |     2 ||     3
  Eat: Chunk             |    10 |     2 ||    12
Armor: Robe              |    16 |     5 ||    21
       Animal skin       |       |    30 ||    30
Dodge: Dodged            |    62 |    89 ||   151
